AoeStats
← I hate antichrist

Arena

510050683Analyzed
4v4 RM · 4d ago on Sep 29, 2026· 17m 30s· 8 players
Game mode
Random Map
Map size
Large (8 player)
Population
200
Speed
Normal
Resources
Standard
Victory
Conquest
Starting age
Dark Age
Ending age
Imperial Age
RankedLock teamsTeams togetherTeam positionsShared explorationLock speedFull tech treeHidden civsTurbo modeCheats
Victory
Defeat
🇦🇺 Cumans · Australia
1395
+15
🇺🇸 Bengalis · United States
1373
+16
🇮🇳 Celts · India
1344
+17
🇦🇺 Romans · Australia
1338
+17
🇨🇳 Danes · China
1513
-22
🇨🇳 Teutons · China
1450
-20
🇹🇼 Saxons · Taiwan
1267
-12
🇹🇼 Varangians · Taiwan
1231
-11
meh
5:53 Loom
9:41 Feudal Age
14:19 Castle Age
12:43 Horse Collar
snek_fan
10:04 Feudal Age
10:25 Loom
16:47 Castle Age
I hate antichrist
5:56 Loom
9:14 Feudal Age
9:47 Double-Bit Axe
i say daddy is home
10:33 Feudal Age
10:35 Man-at-Arms
11:08 Double-Bit Axe
12:12 Scale Mail Armor
12:22 Forging
13:18 Loom
16:23 Horse Collar
♞王通
10:26 Feudal Age
11:31 Double-Bit Axe
14:15 Castle Age
12:45 Horse Collar
17:38 Wheelbarrow
yoooo147
10:17 Feudal Age
12:35 Loom
15:04 Castle Age
14:05 Fletching
iiiiice
5:49 Loom
8:51 Feudal Age
MAVERICK
10:13 Feudal Age
13:59 Castle Age
14:53 Scale Barding Armor
Connection lost

Rejoining the realm…

Still unreachable

The connection could not be restored.

Session expired

The server has moved on; the page needs a fresh start.